 Dungeon Crawl Stone Soup version 0.30-a0-726-gd89dcf765f (webtiles) character file.

Game seed: 10922720344685915315

46 jimonade the Sneak (level 3, -2/18 HPs)
             Began as a Vine Stalker Brigand on Jan 29, 2023.
             Killed from afar by an orc wizard (5 damage)
             ... with a magic dart
             ... on level 2 of the Dungeon.
             The game lasted 00:02:29 (1398 turns).

jimonade the Sneak (Vine Stalker Brigand)           Turns: 1398, Time: 00:02:29

Health: -2/18      AC:  6    Str: 13    XL:     3   Next: 66%
Magic:  0/4        EV: 10    Int: 11    God:
Gold:   58         SH:  0    Dex: 17    Spells: 2/2 levels left

rFire   . . .      SeeInvis .    a - +2 dagger
rCold   . . .      Faith    .    (no shield)
rNeg    . . .      Spirit   +    f - +0 ring mail
rPois   +          Reflect  .    (no helmet)
rElec   .          Harm     .    c - +0 cloak
rCorr   .          Rampage  .    (no gloves)
Will    .....                    (no boots)
Stlth   ++                       (no amulet)
HPRegen 0.23/turn                g - ring of poison resistance
MPRegen 0.09/turn                (no ring)

@: no status effects
A: fangs 2, magic shield, antimagic bite, no potion heal 2
a: no special abilities


You were on level 2 of the Dungeon.
You visited 1 branch of the dungeon, and saw 2 of its levels.

You collected 58 gold pieces.

Inventory:

Hand Weapons
 a - a +2 dagger (weapon)
Missiles
 d - 11 poisoned darts (quivered)
 e - 3 curare-tipped darts
 o - 6 javelins
Armour
 b - a +0 robe
 c - a +0 cloak (worn)
 f - a +0 ring mail (worn)
Jewellery
 g - a ring of poison resistance (left hand)
 m - a +6 ring of dexterity
Scrolls
 h - 2 scrolls of identify {unknown}
 j - a scroll of fog {unknown}
Potions
 i - a potion of lignification {unknown}
 k - a potion of curing {unknown}
 l - a potion of flight {unknown}
 n - a potion of resistance {unknown}


   Skills:
 - Level 1.7 Fighting
 + Level 3.5 Short Blades
 - Level 1.7 Throwing
 - Level 0.7 Dodging
 - Level 4.8 Stealth


You had 2 spell levels left.
You didn't know any spells.
Your spell library was empty.

Dungeon Overview and Level Annotations

Branches:
Dungeon (2/15)

Altars:


Innate Abilities, Weirdness & Mutations

You have extremely sharp teeth.
When hurt, damage is shared between your health and your magic reserves.
Your bite disrupts and absorbs the magic of your enemies.
Potions cannot restore your health.


Message History

The orc wizard casts a spell.
The orc wizard flickers and vanishes!
Deactivating autopickup; reactivate with Ctrl-A.
The orc barely misses you.
The orc shouts!
You hear a shout!
You hit the orc but do no damage. Your bite misses the orc.
An orc comes into view. It is wielding a +0 short sword.
You closely miss something. Your bite misses something.
You barely miss something. Your bite misses something.
You hit the orc but do no damage. You bite the orc, but do no damage.
You hit something. You bite something.
You hear some strange, mumbled words.
A puff of flame appears from out of thin air!
The puff of flame hits you! The orc hits you with a +0 whip.
You hit something but do no damage. Something hits you.
The orc hits you but does no damage.
You hit something but do no damage. Something hits you.
The orc closely misses you.
You barely miss something. Something hits you. The orc barely misses you.
You hit the orc but do no damage. Your bite misses the orc. Something hits you.
* * * LOW HITPOINT WARNING * * *
The orc hits you but does no damage.
You hit the orc. You bite the orc.
You kill the orc!
You miss something. Something hits you but does no damage.
You hit something. You bite something. The orc hits you with a +0 dagger.
* * * LOW HITPOINT WARNING * * *
Something hits you.
* * * LOW HITPOINT WARNING * * *
You hit the orc.
The orc is lightly wounded.
Something hits you.
* * * LOW HITPOINT WARNING * * *
The orc hits you but does no damage.
You hit the orc.
The orc is severely wounded.
You hear some strange, mumbled words.
A magic dart appears from out of thin air!
The magic dart hits you.
You die...

#.......# .#
#.#.###.# .#
#.#.###.# #.# .# #
#.....# #.# .#
#.####..# ##.## .#
#.......#
##...####### o#
######.## #.....
#.(.####o# #†#
####...###......@{#
#.# #
..[.#.##.......####
#.###
#..............#
#....
#...#.##.......#
##### ###
#.####...### # #.#
#...# #.# ######
#.# ##...##
#.####.###.##


You could see 2 orcs.

Vanquished Creatures
  2 gnolls (D:2)
  An adder (D:2)
  An orc (D:2)
  A giant cockroach (D:2)
  A goblin (D:2)
  2 hobgoblins
  2 kobolds
  A quokka (D:1)
  A ball python (D:1)
  4 bats
  A frilled lizard (D:1)
  A rat (D:2)
18 creatures vanquished.

Notes
Turn   | Place    | Note
-------+----------+-------------------------------------------
     0 | D:1      | jimonade the Vine Stalker Brigand began the quest for the
                  | Orb.
     0 | D:1      | Reached XP level 1. HP: 11/11 MP: 2/2
    48 | D:1      | Found a faded altar of an unknown god.
   764 | D:2      | Reached XP level 2. HP: 15/15 MP: 3/3
   861 | D:2      | Reached XP level 3. HP: 4/18 MP: 1/4
  1398 | D:2      | Killed from afar by an orc wizard

Illustrated notes

Levels and vault maps discovered:
D:1:      eino_arrival_water_star, layout_basic,
          hellmonk_ecumenical_altar_lost_god
D:2:      layout_loops_corners

Skill      XL: |  1  2 |
---------------+-------+-----
Short Blades   | 2 3 |  3.5
Fighting       | |  1.7
Throwing       | |  1.7
Dodging        | |  0.7
Stealth        | |  4.8

Action                     || total
---------------------------++-------
  Melee: Dagger            ||    70
         Bite              ||    18
   Stab: Sleeping          ||     4
 Armour: Robe              ||     7
         Ring mail         ||    20
  Dodge: Dodged            ||    26

Table legend: (Time is in decaauts)
 A = Elapsed time spent in this place.
 B = Non-inter-level travel time spent in this place.
 C = Inter-level travel time spent in this place.
 D = Time resting spent in this place.
 E = Time spent auto-exploring this place.
 F = Levels seen in this place.
 G = Mean time per level.
                   A        B        C        D        E       F      G
               +--------+--------+--------+--------+--------+-----+--------+
         Total |   1388 |   1317 |     71 |      0 |   1118 |   2 |  694.0 |
       Dungeon |   1388 |   1317 |     71 |      0 |   1118 |   2 |  694.0 |
               +--------+--------+--------+--------+--------+-----+--------+

Top non-repeatable levels by time:
     D:1: 742 daAuts
     D:2: 646 daAuts
